 Dungeon Crawl Stone Soup version 0.29.1-12-g30fa7ad0bf (webtiles) character file.

Game seed: 18232869607004091079

4324 hawla the Arsonist (level 10, 0/73 HPs)
             Began as a Meteoran Fire Elementalist on Dec 22, 2022.
             Was a Believer of Vehumet.
             Slain by an orc knight
             ... wielding a +0 glaive
              (38 damage)
             ... in a bailey.
             The game lasted 00:21:26 (4505 turns).

hawla the Arsonist (Meteoran Fire Elementalist)     Turns: 4505, Time: 00:21:27

Health: 0/73       AC: 10    Str: 10    XL:     10   Next: 89%
Magic:  22/26      EV: 14    Int: 21    God:    Vehumet [**....]
Gold:   252        SH:  0    Dex: 15    Spells: 24/31 levels left

rFire   . . .      SeeInvis .   t - +0 scimitar (vamp)
rCold   . . .      Faith    .   (no shield)
rNeg    . . .      Spirit   .   u - +3 steam dragon scales
rPois   .          Reflect  .   f - +2 hat
rElec   .          Harm     .   (no cloak)
rCorr   .          Rampage  .   (no gloves)
Will    +....                   (no boots)
Stlth   +.........              p - amulet of magic regeneration
HPRegen 0.22/turn               (no ring)
MPRegen 0.60/turn               (no ring)

@: glowing
A: sense surroundings 2, otherworldly, glowing, explore regen
a: Renounce Religion


You were in a bailey.
You worshipped Vehumet.
Vehumet was pleased with you.
You visited 2 branches of the dungeon, and saw 9 of its levels.
You also visited: Sewer and Bailey.

You collected 252 gold pieces.

Inventory:

Hand Weapons
 d - a +0 triple sword
 q - a +2 dagger of venom
 t - a +0 vampiric scimitar (weapon)
Armour
 a - a +0 robe
 f - a +2 hat (worn)
 n - a +0 helmet
 u - +3 steam dragon scales (worn)
Jewellery
 p - an amulet of magic regeneration (around neck)
Wands
 c - a wand of flame (15) (quivered)
 r - a wand of light (7)
 v - a wand of mindburst (19)
Scrolls
 e - 2 scrolls of teleportation
 o - 4 scrolls of fog
Potions
 g - a potion of brilliance
 h - 5 potions of curing
 j - a potion of flight
 k - a potion of might {unknown}
 l - 2 potions of mutation {unknown}
 m - a potion of berserk rage
 s - a potion of attraction {unknown}


   Skills:
 + Level 2.1 Fighting
 + Level 0.9(1.0) Short Blades
 + Level 0.4(0.9) Long Blades
 + Level 4.8 Dodging
 - Level 1.4 Stealth
 + Level 11.0 Spellcasting
 + Level 7.7 Conjurations
 + Level 11.0 Fire Magic


You had 24 spell levels left.
You knew the following spells:

 Your Spells              Type           Power      Damage    Failure   Level
a - Foxfire               Conj/Fire      100%       2x1d9     1%          1
b - Scorch                Fire           100%       2d10      1%          2
c - Flame Wave            Conj/Fire      50%        2d12      1%          4

Your spell library contained the following spells:

 Spells                   Type           Power      Damage    Failure   Level
 Static Discharge         Conj/Air       27%        3-7/arc   1%          2
 Conjure Flame            Conj/Fire      50%        6-21      1%          3
 Inner Flame              Hex/Fire       34%        N/A       1%          3


Dungeon Overview and Level Annotations

Branches:
Dungeon (8/15) Zot: 990    Temple (1/1) D:7 Zot: 396   Sewer (visited)
 Bailey (1/1) Zot: 511
   Lair: D:8-11

Altars:
Ashenzari
Cheibriados
Dithmenos
Elyvilon
Fedhas
Hepliaklqana
Makhleb
Nemelex Xobeh
Okawaru
Qazlal
Ru
Sif Muna
Trog
Uskayaw
Vehumet
Xom
Yredelemnul
The Shining One

Shops:
D:6 *   D:7 (


Innate Abilities, Weirdness & Mutations

You passively map the area around you.
You are easily found by Zot.
You glow in the dark.
You regain HP and MP as you explore.


Message History

The orc knight roars a battlecry!
The orc knights go into a battle-frenzy!
An orc knight comes into view. It is wielding a +0 halberd.
Found a gate leading back out of this place.
Casting: Foxfire (safe; 1% risk of failure)
Confirm with . or Enter, or press ? or * to list all spells.
You conjure some foxfire!
The foxfire hits the orc knight.
The orc knight is lightly wounded.
The foxfire hits the orc knight but does no damage.
The orc knight is lightly wounded.
The orc knight roars a battlecry!
The orc knight goes into a battle-frenzy!
Casting: Foxfire (safe; 1% risk of failure)
Confirm with . or Enter, or press ? or * to list all spells.
Flames lash the orc knight but do no damage.
Casting: Scorch (safe; 1% risk of failure)
Confirm with . or Enter, or press ? or * to list all spells.
Flames lash the orc knight.
The orc knight is lightly wounded.
The orc knight's fire resistance burns away.
The orc knight misses you.
The orc knight hits you with a +0 glaive!!
There is an open door, spattered with blood here.
Casting: Scorch (safe; 1% risk of failure)
Confirm with . or Enter, or press ? or * to list all spells.
Casting: Flame Wave (dangerous; 1% risk of failure)
Press: ? - help, Dir - look around, f - activate A wave of flame ripples out!
The flame wave engulfs the orc knight!
The orc knight is burned terribly!
The orc knight is moderately wounded. (Press . to intensify the flame waves.)
You hear a shout!
The orc knight hits you with a +0 glaive!
A wave of flame ripples out!
The flame wave engulfs the orc knight!
The orc knight is burned terribly!
The orc knight is heavily wounded.
The orc knight hits you with a +0 glaive!!!
Ouch! That really hurt!
You die...

########### ##.........##
##..~~~~~~~..##
##..~~)..).~~..##
#####..)~..###..~~..######*
......))..## ##..~~.......,
~~~~~~)..##.∩.##..§~~~~~~~
........##.....##.........
############+###@#########
~ #, , ....§§.o# ,, * ~ ##
+, ≈≈≈≈§≈≈.. , ** ,* .##, *
, ≈..§oo§§.. ~ ..# *
..⌠∩⌠..o§.. *, ~, ..#+#
...⌠...≈§..#+*, ~ .##.##
~≈.....§§..## * ##.$.# ,
≈≈≈.§§≈.§## , , #.$$$.#


You could see 4 orc knights.

Vanquished Creatures
  Maggie (D:7)
  Prince Ribbit (D:8)
  A vampire (D:8)
  A wyvern (D:7)
  4 yaks (D:8)
  Menkaure (D:7)
  A water moccasin (D:7)
  2 black bears
  2 orc warriors
  2 sky beasts (D:6)
  2 ice beasts
  2 ogres
  2 centaurs
  5 kobold brigands
  2 bullfrogs
  A gnoll sergeant (D:7)
  A scorpion (D:7)
  2 wights (D:8)
  4 killer bees (D:8)
  A jelly (D:8)
  2 hounds
  3 orc priests
  A gnoll bouda (D:7)
  2 iguanas
  5 orc wizards
  10 gnolls (D:7)
  11 adders
  6 river rats
  An ufetubus (D:5)
  A worm (D:4)
  2 dart slugs (D:4)
  41 orcs
  7 endoplasms
  3 giant cockroaches (D:1)
  8 goblins
  5 hobgoblins
  11 jackals
  22 kobolds
  2 quokkas
  17 ball pythons
  3 bats
  5 frilled lizards
  6 rats
212 creatures vanquished.

Vanquished Creatures (collateral kills)
  4 foxfires (Sewer)
4 creatures vanquished.

Vanquished Creatures (others)
  311 foxfires
  9 plants (Sewer)
320 creatures vanquished.

Grand Total: 536 creatures vanquished

Notes
Turn   | Place    | Note
-------+----------+-------------------------------------------
     0 | D:1      | hawla the Meteoran Fire Elementalist began the quest for
                  | the Orb.
     0 | D:1      | Reached XP level 1. HP: 14/14 MP: 5/5
    60 | D:1      | Reached XP level 2. HP: 20/20 MP: 5/7
   118 | D:1      | Reached XP level 3. HP: 24/26 MP: 5/8
   175 | D:2      | Learned a level 2 spell: Scorch
   305 | D:2      | Reached XP level 4. HP: 30/33 MP: 4/10
   404 | D:3      | Found a glowing drain.
   420 | Sewer    | Entered a sewer
   432 | Sewer    | Reached XP level 5. HP: 38/38 MP: 4/12
   454 | Sewer    | Reached skill level 5 in Fire Magic
   464 | Sewer    | Noticed a kobold brigand
   469 | Sewer    | Killed a kobold brigand
   470 | Sewer    | Reached XP level 6. HP: 37/45 MP: 4/13
   476 | Sewer    | Learned a level 4 spell: Flame Wave
   816 | Sewer    | Glimpsed the power of Zot.
   863 | Sewer    | Glimpsed the power of Zot.
  1439 | D:4      | Reached skill level 5 in Conjurations
  1439 | D:4      | Reached XP level 7. HP: 25/50 MP: 1/14
  1581 | D:4      | Reached skill level 5 in Spellcasting
  1844 | D:5      | Entered Level 5 of the Dungeon
  1970 | D:5      | Reached XP level 8. HP: 58/58 MP: 14/16
  2005 | D:5      | Reached skill level 1 in Fighting
  2468 | D:6      | Found Teheofri's General Store.
  2622 | D:6      | HP: 1/59 [orc warrior/+0 glaive (20)]
  2630 | D:6      | Gained mutation: You passively map the area around you.
                  | [Meteoran growth]
  2630 | D:6      | Reached XP level 9. HP: 29/64 MP: 6/20
  3067 | D:7      | Noticed Menkaure
  3070 | D:7      | Killed Menkaure
  3083 | D:7      | Found a staircase to the Ecumenical Temple.
  3092 | Temple   | Entered the Ecumenical Temple
  3223 | Temple   | Became a worshipper of Vehumet
  3589 | D:7      | Noticed Maggie
  3599 | D:7      | Killed Maggie
  3600 | D:7      | Reached XP level 10. HP: 54/72 MP: 14/24
  3749 | D:7      | Found Ashor's Antique Weapon Shop.
  4124 | D:8      | Reached * piety under Vehumet
  4124 | D:8      | Offered knowledge of Shock by Vehumet.
  4124 | D:8      | Noticed Prince Ribbit
  4133 | D:8      | Killed Prince Ribbit
  4134 | D:8      | Reached skill level 10 in Spellcasting
  4134 | D:8      | Reached skill level 10 in Fire Magic
  4413 | D:8      | Found a flagged portal.
  4420 | Bailey   | Entered a bailey
  4472 | Bailey   | Reached ** piety under Vehumet
  4480 | Bailey   | Offered knowledge of Static Discharge by Vehumet.
  4496 | Bailey   | Noticed an orc knight
  4496 | Bailey   | Noticed an orc knight
  4496 | Bailey   | Noticed an orc knight
  4496 | Bailey   | Noticed an orc knight
  4505 | Bailey   | Slain by an orc knight

Illustrated notes

Levels and vault maps discovered:
D:1:      dpeg_arrival_rooms_b, layout_basic, wad_floor_pattern_untrapped,
          wad_floor_pattern_1, wander_ebering_terrifying_dragon_lair
D:2:      layout_loops_corners, shapermc_ecumenical_altar_hornbeckon
D:3:      layout_loops_corners, cheibrodos_sewer_entry_sluice, item_on_display_a
D:4:      layout_basic, nicolae_eternal_life, minmay_ruptured
D:5:      layout_basic
D:6:      layout_basic, serial_shops, shop
D:7:      layout_basic, minmay_temple_entry_antechambers, serial_shops,
          nicolae_shop_hallway_stairs, uniq_maggie, uniq_menkaure
D:8:      layout_basic, enter_bailey_3, minmay_misc_feat_square,
          dk_rats_in_the_wall, uniq_prince_ribbit1
Temple:   regret_index_temple_mists
Bailey:   bailey_polearm_1, bailey

Skill      XL: |  1  2  3  4  5  6  7  8  9 10 |
---------------+-------------------------------+-----
Spellcasting   | 3 4 5 6 9 11 | 11.0
Fire Magic     | 4 5 6 7 9 11 | 11.0
Conjurations   | 2 5 6 7 |  7.7
Dodging        | 3 4 |  4.8
Fighting       | 1 2 |  2.1
Short Blades   | |  0.9
Long Blades    | |  0.4
Stealth        | |  1.4

Action                   |  1- 3 |  4- 6 |  7- 9 | 10-12 || total
-------------------------+-------+-------+-------+-------++-------
Melee: Unarmed           |    19 |    30 |     7 |       ||    56
       Punch             |       |     2 |     1 |     1 ||     4
       Dagger            |       |       |    20 |     9 ||    29
       Scimitar          |       |       |       |     8 ||     8
 Cast: Foxfire           |    37 |    58 |    72 |    16 ||   183
       Scorch            |     1 |    39 |    56 |    36 ||   132
       Flame Wave        |       |       |     5 |     9 ||    14
  Use: Scroll            |       |     1 |     1 |     6 ||     8
       Potion            |       |     3 |     2 |       ||     5
Armor: Robe              |    10 |    18 |    16 |       ||    44
       Steam dragon scal |       |       |       |    30 ||    30
Dodge: Dodged            |    27 |    40 |    53 |    34 ||   154
